Cogmind - Beta 17 @@@ ROGUE MODE // 2026.06.26 @ 19:01:06 Player: Conwew Result: Destroyed by X-77 Beamer with Gatling Laser Performance ------------- Evolutions (6) 3000 Regions Visited (16) 3200 Robots Destroyed (138) 690 Value Destroyed (5874) 5874 Prototype IDs (33) 660 Alien Tech Used (0) 0 Bonus (177) 177 TOTAL SCORE: 13601 Bonus ------- Follower Combat Kills 489 Aligned with FarCom 300 Met R17 at Cetus 500 Friendly Fire -1112 Cogmind --------- Core Integrity 0/1150 Matter 299/300 Energy 100/100 System Corruption 15% Temperature Cool (12) Movement Core (50) Location -4/Factory Parts ------- > --- POWER (3) -------- (None) > --- PROPULSION (5) --- (None) > --- UTILITY (8) ------ (None) > --- WEAPON (3) ------- (None) > --- INVENTORY (5) ---- Flexi-carbon Leg Myomer Leg Improved System Restoration Module Peak State ------------ > --- POWER ------------ Light Ion Engine Angular Momentum Engine Antimatter-Ion Reactor > --- PROPULSION ------- FC Exoskeleton Improved Antigrav System Improved Linear Gravjet > --- UTILITY ---------- Armored Scrap Engine Advanced Cryofiber Web Advanced Heat Sink Advanced Heat Sink Reaction Control System Centrium Medium Armor Plating Centrium Medium Armor Plating > --- WEAPON ----------- Advanced Variable Charge Gun Advanced KE Penetrator Hyp. Kinetic Coil Construct/G > --- INVENTORY -------- Improved System Restoration Module Variable Charge Gun [Rating: 122] Favorites ----------- Power Constructs Engine Light Deuterium Engine Power Core Light Nuclear Core Reactor Constructs Propulsion Flight Unit Leg Constructs Hover Unit Improved Antigrav System Flight Unit Flight Unit Utility Advanced Heat Sink Device Advanced Heat Sink Processor Signal Interpreter Protection Centrium Medium Armor Plating Weapon Constructs Energy Gun Advanced Variable Charge Gun Energy Cannon Latent Energy Streamer Ballistic Gun Constructs Special Weapon Plasma Flamer Build | -11 -10 -10 -9 -9 -9 -8 -8 -8 -8 -6 -5 -5 -5 -5 -5 -4 ------- Run | Yrd Mat Min Mat Min Exi Min Mat Sto Rec Fac Fac Ext Cet Arc Hub Fac Slots Evolved 12 | . . . 2 . . . 2 . . 4 2 . . . . 2 Power 2 | . . . . . . . . . . 1 1 . . . . . Propulsion 3 | . . . 1 . . . 1 . . 1 . . . . . . Utility 6 | . . . 1 . . . 1 . . 1 1 . . . . 2 Weapon 1 | . . . . . . . . . . 1 . . . . . . Parts Attached 102 | 5 5 6 3 11 1 1 2 9 3 7 5 6 10 5 2 21 Power 20 | 1 1 1 1 1 . . . 1 . 3 1 1 1 . 2 6 Engine 5 | 1 . . 1 . . . . . . 1 . . . . 2 . Core 11 | . 1 1 . 1 . . . 1 . 2 1 1 . . . 3 Reactor 4 | . . . . . . . . . . . . . 1 . . 3 Propulsion 23 | 2 2 3 . 5 . . 1 2 . 3 . . . . . 5 Treads . | . . . . . . . . . . . . . . . . . Leg 7 | 2 2 . . . . . . . . . . . . . . 3 Wheel . | . . . . . . . . . . . . . . . . . Hover 2 | . . . . . . . . . . . . . . . . 2 Flight 14 | . . 3 . 5 . . 1 2 . 3 . . . . . . Utility 34 | . 2 1 1 1 . . 1 5 2 . 3 1 5 5 . 7 Device 19 | . . . 1 1 . . . . 1 . 2 1 3 5 . 5 Storage . | . . . . . . . . . . . . . . . . . Processor 3 | . 1 . . . . . . . . . 1 . . . . 1 Hackware . | . . . . . . . . . . . . . . . . . Protection 12 | . 1 1 . . . . 1 5 1 . . . 2 . . 1 Artifact . | . . . . . . . . . . . . . . . . . Weapon 25 | 2 . 1 1 4 1 1 . 1 1 1 1 4 4 . . 3 Energy Gun 6 | . . . 1 . . . . . . . . 3 1 . . 1 Energy Cannon 1 | . . . . . . . . 1 . . . . . . . . Ballistic Gun 17 | 2 . 1 . 4 1 1 . . . 1 1 1 3 . . 2 Ballistic Cannon . | . . . . . . . . . . . . . . . . . Launcher . | . . . . . . . . . . . . . . . . . Special Weapon 1 | . . . . . . . . . 1 . . . . . . . Impact Weapon . | . . . . . . . . . . . . . . . . . Slashing Weapon . | . . . . . . . . . . . . . . . . . Piercing Weapon . | . . . . . . . . . . . . . . . . . Special Melee Weapon . | . . . . . . . . . . . . . . . . . Unidentified Prototypes 5 | . . . . . . . . . 1 1 . . 3 . . . Parts Lost 51 | . 1 5 1 3 . . . . 2 3 1 2 5 2 . 26 Power 14 | . 1 1 1 . . . . . . . 1 1 2 1 . 6 Propulsion 10 | . . 2 . 1 . . . . 1 . . . 1 1 . 4 Utility 16 | . . 1 . 1 . . . . . 1 . 1 2 . . 10 Weapon 11 | . . 1 . 1 . . . . 1 2 . . . . . 6 Highest Loss Streak 18 | . 1 3 1 3 . . . . 1 3 1 1 4 2 . 18 To Critical Strikes 1 | . . . . . . . . . . . . . 1 . . . Average Backups 3 | . 2 4 4 4 5 5 4 4 4 4 1 1 2 3 2 3 Power . | . . . . . . . . 1 1 . . . . . . . Propulsion . | . . . . 1 2 2 1 . . . . . . . . 1 Utility 1 | . 1 2 2 1 1 1 1 1 2 3 1 1 2 2 2 1 Weapon . | . . 1 2 2 2 2 2 1 1 1 . . . . . . Tool/Special . | . . . . . . . . . . . . . . . . . Unused Backups 8 | . 1 . . 1 . 1 . 1 . . . . 1 . . 3 Power 1 | . . . . 1 . . . . . . . . . . . . Propulsion 2 | . . . . . . . . . . . . . . . . 2 Utility 5 | . 1 . . . . 1 . 1 . . . . 1 . . 1 Weapon . | . . . . . . . . . . . . . . . . . Tool/Special . | . . . . . . . . . . . . . . . . . Average Slot Usage (%) 73 | . 96 77 78 97 100 100 90 99 94 76 62 53 59 57 62 68 Engine 3 | . 7 . 2 9 . . . . . 5 4 . . . 4 6 Core 5 | . 5 13 7 1 11 11 9 9 9 6 7 1 5 1 . 1 Reactor 1 | . . . . . . . . . . . . 3 1 4 5 4 Treads 1 | . . . . . . . . . . 5 1 . . 2 . . Leg 4 | . 28 11 . . . . . . . . 1 2 5 . . 8 Hover 1 | . . . . . . . . . . . . 2 . 1 5 3 Flight 10 | . . 10 22 32 33 33 36 36 33 19 2 . . . . . Device 15 | . . . 6 19 22 22 18 12 9 13 22 21 17 20 17 23 Processor 5 | . 13 14 11 11 11 11 9 9 9 5 5 5 2 . . . Protection 5 | . 12 2 11 1 . . . 14 15 4 . . 6 6 11 3 Energy Gun 3 | . . . 8 . . . . . . 1 . 5 3 6 5 7 Ballistic Gun 11 | . 28 24 8 21 22 22 18 17 15 5 6 1 12 9 11 6 Peak Build Rating 122 | 5 9 9 12 15 17 19 23 25 36 60 78 93 103 103 99 122 Average Rating 57 | 3 7 7 10 13 15 18 20 22 27 49 69 80 90 87 94 103 On Entrance 38 | . 5 9 8 11 14 17 19 23 24 36 44 67 89 103 92 99 Avg Prop Armor Cover (%) 6 | . . 3 . . . . . . . 6 . . . . . 3 Naked Turns 14 | . . . . . . . . . . . . . . . . 14 Heaviest Build 68 | 8 11 11 13 14 11 13 21 25 20 29 60 61 68 67 57 62 Greatest Support 147 | 20 20 20 16 21 21 21 26 26 26 28 52 147 147 133 119 125 Greatest Overweight (x) 2 | 1 . 1 . . . . . . . 1 2 . . . . 2 Average Overweight (x) . | . . . . . . . . . . . . . . . . . Largest Inventory Capacity 5 | 5 5 5 5 5 5 5 5 5 5 5 5 5 5 5 5 5 Average Capacity 5 | 5 5 5 5 5 5 5 5 5 5 5 5 5 5 5 5 5 Most Carried 5 | . 5 5 5 5 5 5 5 5 5 5 3 3 5 5 4 5 Average Carried 3 | . 2 4 4 4 4 4 4 4 4 4 1 1 2 3 2 3 Final Capacity 5 | 5 5 5 5 5 5 5 5 5 5 5 5 5 5 5 5 5 Final Carried 5 | . 4 5 5 5 5 5 5 5 4 4 1 2 5 2 4 3 Scrap Engine Consumption 195 | . . . . . . . . . 11 45 14 46 17 21 13 28 Constructs Created 8 | . . . . . . . . . . 4 2 . . . . 2 Constructs Modified 70 | . . . . . . . . . . 2 12 21 7 11 2 15 Class Distribution -------------------- 27% | Mutant 16% | Scavenger-Tank 14% | Scavenger-Mutant 13% | Scavenger-Skirmisher 13% | Construct 10% | Scavenger-Sprinter Dominant Class ---------------- Mutant | -10/Materials Mutant | -10/Mines Scavenger-Mutant | -9/Materials Scavenger-Mutant | -9/Mines Scavenger-Mutant | -9/Exiles Scavenger-Mutant | -8/Mines Scavenger-Sprinter | -8/Materials Scavenger-Sprinter | -8/Storage Scavenger-Sprinter | -8/Recycling Mutant | -6/Factory Mutant | -5/Factory Construct | -5/Extension Scavenger-Skirmisher | -5/Cetus Scavenger-Tank | -5/Archives Scavenger-Tank | -5/Hub_04(d) Scavenger-Skirmisher | -4/Factory Resources | -11 -10 -10 -9 -9 -9 -8 -8 -8 -8 -6 -5 -5 -5 -5 -5 -4 ----------- Run | Yrd Mat Min Mat Min Exi Min Mat Sto Rec Fac Fac Ext Cet Arc Hub Fac Matter Collected 3338 | 195 286 62 89 254 . 20 76 250 118 97 70 260 517 279 110 655 Remotely . | . . . . . . . . . . . . . . . . . Salvage Created 7045 | . 434 81 226 197 . . 69 160 140 592 96 1125 633 721 432 2139 Parts 344 | . 26 8 14 18 . . 6 4 7 26 10 43 27 39 24 92 Haulers Intercepted 1 | . 1 . . . . . . . . . . . . . . . Recyclers Shooed 7 | . 1 . . . . . . 1 . 1 . 1 . . . 3 Parts Field Recycled . | . . . . . . . . . . . . . . . . . Retrieved Matter . | . . . . . . . . . . . . . . . . . Parts Self-Destructed . | . . . . . . . . . . . . . . . . . Prevented . | . . . . . . . . . . . . . . . . . Parts Restored . | . . . . . . . . . . . . . . . . . Kills | -11 -10 -10 -9 -9 -9 -8 -8 -8 -8 -6 -5 -5 -5 -5 -5 -4 ------- Run | Yrd Mat Min Mat Min Exi Min Mat Sto Rec Fac Fac Ext Cet Arc Hub Fac Combat Hostiles Destroyed 95 | . 10 5 5 9 . . 1 4 2 7 1 12 8 4 6 21 Guns 80 | . 10 5 5 9 . . 1 4 2 2 1 3 8 4 6 20 Cannons 6 | . . . . . . . . . . . . 6 . . . . AOE 5 | . . . . . . . . . . 4 . . . . . 1 Classes Destroyed 18 | . 4 . 1 . . . . 1 1 8 1 1 1 . . . Worker 10 | . 1 . . . . . 1 . . . . . . . 1 7 Builder 4 | . . . . . . . . . . 1 . 3 . . . . Tunneler 3 | . . . . . . . . . . . . 3 . . . . Hauler 1 | . 1 . . . . . . . . . . . . . . . Recycler 6 | . . . . . . . . . . 1 . . . . . 5 Mechanic 1 | . . . . . . . . . . 1 . . . . . . Operator 10 | . . . . . . . . . . . 1 . . 9 . . Watcher 4 | . . . . . . . . . . . . . 2 . 1 1 Swarmer 19 | . 3 4 . 7 . . . . . 1 . . . . . 4 Grunt 30 | . 7 . 3 2 . . . 1 . . . 8 . . 2 7 Brawler 1 | . . . . . . . . . . 1 . . . . . . Duelist 1 | . . . . . . . . . . 1 . . . . . . Sentry 15 | . . . 2 . . . 1 1 . 1 . 3 . 4 2 1 Demolisher 2 | . . . . . . . . 2 . . . . . . . . Hunter 6 | . . . . . . . . . . 1 . 1 . . . 4 Programmer 8 | . . . . . . . . . . 1 1 . . . 2 4 Heavy 2 | . . . . . . . . . . 1 . . . . . 1 Cetus Guard 8 | . . . . . . . . . . . . . 8 . . . Scrapper 2 | . . . . . . . . . 2 . . . . . . . Thug 3 | . . . . . . . . . . . . 2 . . . 1 Butcher 1 | . . . . . . . . . . . . 1 . . . . Best Kill Streak 9 | . 5 3 2 4 . . 1 2 2 8 1 6 4 4 4 9 Combat Bots Only 5 | . 5 3 2 4 . . 1 2 2 5 1 3 4 4 3 4 Max Kills in Single Turn 5 | . 1 1 1 1 . . 1 1 1 3 1 5 1 1 1 2 Gunslinging 1 | . . . . . . . . . . . . . . . . 1 Exploded 2 | . . . . . . . . . . 2 . . . . . 1 Melee . | . . . . . . . . . . . . . . . . . Uniques/NPCs Destroyed 1 | . . 1 . . . . . . . . . . . . . . YI-UF0 (-10/Mines) Combat | -11 -10 -10 -9 -9 -9 -8 -8 -8 -8 -6 -5 -5 -5 -5 -5 -4 -------- Run | Yrd Mat Min Mat Min Exi Min Mat Sto Rec Fac Fac Ext Cet Arc Hub Fac Hostile Shots Fired 1165 | . 61 32 34 45 . . 6 49 11 139 13 142 128 30 20 455 Missed 391 | . 14 12 10 14 . . 3 21 3 61 4 42 31 7 5 164 Hits 774 | . 47 20 24 31 . . 3 28 8 78 9 100 97 23 15 291 Projectile 774 | . 47 20 24 31 . . 3 28 8 78 9 100 97 23 15 291 AOE 21 | . . 12 . . . . . 4 . 1 . . . . . 4 Critical Strikes 35 | . 2 . 1 1 . . 1 1 . 2 . 9 11 1 1 5 Part Disruptions 2 | . . . . . . . . . . . . . . . . 2 Damage Taken 14746 | . 522 453 319 295 . . 30 460 181 1387 162 1655 2625 613 321 5723 Core 2311 | . 108 111 84 64 . . . 53 47 284 13 164 153 28 43 1159 Absorbed by Shields 583 | . . . . 27 . . 12 88 . . 16 324 116 . . . Ignored by Resistances 304 | . . . . . . . . . . . . . . . . 304 Regen/Repaired (Parts) 3693 | . 81 . 18 . . . . . . 151 310 1097 788 325 125 798 Core Remaining (%) 63 | 100 . 12 . . . 63 . . 81 66 . . . . 59 . Volleys Fired 455 | . 44 13 29 30 . . 7 21 8 23 8 52 47 63 15 95 Largest 3 | . 2 2 2 2 . . 2 2 2 2 2 3 3 3 3 3 Hottest 195 | . 40 40 70 70 . . 50 50 125 119 93 195 187 164 164 165 Shots Fired 1009 | . 88 26 50 60 . . 14 42 16 31 16 106 131 123 45 261 Gun 953 | . 88 26 50 60 . . 14 42 15 27 14 57 131 123 45 261 Cannon 55 | . . . . . . . . . . 4 2 49 . . . . Launcher . | . . . . . . . . . . . . . . . . . Special 1 | . . . . . . . . . 1 . . . . . . . Kinetic 608 | . 88 26 28 56 . . 14 42 15 21 8 5 75 23 26 181 Thermal 381 | . . . 22 4 . . . . 1 2 6 94 53 100 19 80 Explosive . | . . . . . . . . . . . . . . . . . Electromagnetic 20 | . . . . . . . . . . 8 2 7 3 . . . Robot Hit Streak 22 | . 15 13 10 14 . . 5 12 10 14 5 11 21 10 22 14 Robot Miss Streak 6 | . 6 4 3 5 . . 4 3 1 1 3 3 1 6 2 5 Penetration Max 1 | . . . . . . . . . . . . . 1 . 1 1 Secondary Targets 14 | . 1 . . 1 . . . . 1 . . . 5 . 1 5 Max Gunslinging Chain 1 | . 1 . . 1 . . . . 1 . . . 1 . 1 1 Shots Hit Robots 651 | . 53 16 35 31 . . 8 29 11 28 10 80 73 75 37 165 Core Hits 293 | . 25 7 14 13 . . 3 9 5 14 5 46 37 32 13 70 Critical Kills 9 | . . . . . . . . . . . . . 2 2 3 2 Critical Parts Destroyed 13 | . . . . . . . . . . . . 1 4 2 2 4 Critical Strikes 27 | . . . 1 . . . . . . . . 4 7 4 5 6 Burn 5 | . . . 1 . . . . . . . . 3 1 . . . Destroy 22 | . . . . . . . . . . . . 1 6 4 5 6 Melee Attacks . | . . . . . . . . . . . . . . . . . Impact . | . . . . . . . . . . . . . . . . . Slashing . | . . . . . . . . . . . . . . . . . Piercing . | . . . . . . . . . . . . . . . . . Sneak Attacks . | . . . . . . . . . . . . . . . . . Combat Hostiles . | . . . . . . . . . . . . . . . . . Follow-up Attacks . | . . . . . . . . . . . . . . . . . Damage Inflicted 18127 | . 552 191 377 381 . . 148 555 180 1561 384 3524 1937 2040 1107 5190 Guns 13686 | . 552 191 377 381 . . 148 555 168 416 213 891 1937 2040 1107 4710 Cannons 1007 | . . . . . . . . . . 24 . 983 . . . . Explosions 3422 | . . . . . . . . . . 1121 171 1650 . . . 480 Melee . | . . . . . . . . . . . . . . . . . Ramming . | . . . . . . . . . . . . . . . . . Kinetic 8359 | . 552 191 163 357 . . 148 555 168 325 109 81 1307 445 691 3267 Thermal 7402 | . . . 214 24 . . . . 12 55 104 2465 594 1595 416 1923 Explosive . | . . . . . . . . . . . . . . . . . Electromagnetic 2366 | . . . . . . . . . . 1181 171 978 36 . . . Impact . | . . . . . . . . . . . . . . . . . Slashing . | . . . . . . . . . . . . . . . . . Piercing . | . . . . . . . . . . . . . . . . . Highest Corruption 23 | . . . . . . . . . . 12 8 23 23 23 . 15 Average Corruption 15 | . . . . . . . . . . 9 4 17 23 18 . 2 Corruption Purged 23 | . . . . . . . . . . . . . . 23 . . Corruption Blocked . | . . . . . . . . . . . . . . . . . Effects 152 | . . . . . . . . . . 3 5 51 45 40 . 8 Message Errors 29 | . . . . . . . . . . 1 . 14 10 3 . 1 Matter Fused 34 | . . . . . . . . . . 1 2 12 7 10 . 2 Heat Flow Errors 6 | . . . . . . . . . . . . 2 2 1 . 1 Energy Discharges 22 | . . . . . . . . . . . 1 9 4 8 . . Parts Rejected 1 | . . . . . . . . . . . . . 1 . . . Parts Fused 2 | . . . . . . . . . . . . 1 1 . . . Data Loss (minor) 22 | . . . . . . . . . . . 2 7 6 7 . . Data Loss (major) 6 | . . . . . . . . . . 1 . 1 2 2 . . Misfires 3 | . . . . . . . . . . . . . 1 1 . 1 Alerts 3 | . . . . . . . . . . . . 2 . . . 1 Misdirections 2 | . . . . . . . . . . . . . 1 . . 1 Weapon Failures 22 | . . . . . . . . . . . . 3 10 8 . 1 Overload Shots . | . . . . . . . . . . . . . . . . . Overflow Damage 183 | . . . . . . . . . . 24 43 79 . . . 37 Projectiles 10 | . . . . . . . . . . . . 10 . . . . Explosions 173 | . . . . . . . . . . 24 43 69 . . . 37 Melee . | . . . . . . . . . . . . . . . . . Knockbacks . | . . . . . . . . . . . . . . . . . Impact . | . . . . . . . . . . . . . . . . . Kinetic . | . . . . . . . . . . . . . . . . . Secondary . | . . . . . . . . . . . . . . . . . Self-Inflicted Damage 157 | . . . . . . . . . . 82 . . . . . 75 Shots 2 | . . . . . . . . . . 1 . . . . . 1 Rammed . | . . . . . . . . . . . . . . . . . Targets Rammed . | . . . . . . . . . . . . . . . . . Kicked . | . . . . . . . . . . . . . . . . . Crushed . | . . . . . . . . . . . . . . . . . Highest Temperature 380 | . 59 20 232 93 . . 23 147 157 380 . 331 160 215 20 . Average Temperature 66 | . 17 6 102 41 . . 8 50 41 155 . 107 55 56 6 . Received Heat Transfer 2212 | . 246 9 165 132 . . 19 102 96 150 . 445 431 117 99 201 Effects 10 | . . . 4 . . . . . . 5 . 1 . . . . Shutdowns 4 | . . . . . . . . . . 4 . . . . . . Energy Bleed 1 | . . . . . . . . . . . . 1 . . . . Interference 5 | . . . 4 . . . . . . 1 . . . . . . Siege Activations . | . . . . . . . . . . . . . . . . . Martial Activations . | . . . . . . . . . . . . . . . . . Shielding Activations . | . . . . . . . . . . . . . . . . . Robots Disrupted 1 | . . . . . . . . . 1 . . . . . . . Combat Hostiles 1 | . . . . . . . . . 1 . . . . . . . Robots Corrupted 2 | . . . . . . . . . . 1 . 1 . . . . Combat Hostiles 2 | . . . . . . . . . . 1 . 1 . . . . Parts Fried 17 | . . . . . . . . 2 . 9 4 2 . . . . Impact Corruptions . | . . . . . . . . . . . . . . . . . Robots Melted 2 | . . . . . . . . . . . . 2 . . . . Combat Hostiles 2 | . . . . . . . . . . . . 2 . . . . Parts Melted 20 | . . . . . . . . . 1 . . 14 1 2 . 2 Heat Transferred 10566 | . . . 703 74 . . . . 50 74 . 3802 999 2220 481 2163 Parts Sabotaged . | . . . . . . . . . . . . . . . . . Parts Stolen . | . . . . . . . . . . . . . . . . . Parts Stripped . | . . . . . . . . . . . . . . . . . Power Chain Reactions 2 | . . . . . . . . . . . . . . . . 2 Latent Energy Used 1794 | . . . . . . . . . . 723 400 671 . . . . LE Corruption 30 | . . . . . . . . . . 11 6 13 . . . . Alert | -11 -10 -10 -9 -9 -9 -8 -8 -8 -8 -6 -5 -5 -5 -5 -5 -4 ------- Run | Yrd Mat Min Mat Min Exi Min Mat Sto Rec Fac Fac Ext Cet Arc Hub Fac Maximum Alert Level 1 | . . . . . . . . . . . . 1 . . . 1 Low Security (%) 90 | 100 100 100 100 100 . 100 100 100 100 100 100 55 100 100 100 62 Level 1 9 | . . . . . . . . . . . . 44 . . . 37 Level 2 . | . . . . . . . . . . . . . . . . . Level 3 . | . . . . . . . . . . . . . . . . . Level 4 . | . . . . . . . . . . . . . . . . . Level 5 . | . . . . . . . . . . . . . . . . . High Security . | . . . . . . . . . . . . . . . . . Max Security . | . . . . . . . . . . . . . . . . . Peak Influence 377 | . 133 60 60 123 . . 65 86 13 167 75 371 179 97 152 377 Initial 169 | . . 35 . 13 . . . 22 13 . 75 8 169 1 . 54 Average 61 | . 51 20 19 66 . . 5 51 . 8 18 172 80 18 52 146 Influence Increases 3699 | . 295 120 165 267 . . 80 174 . 243 96 789 227 219 259 765 Destroy 0b10 Robot/C 2080 | . 200 80 100 220 . . 20 80 . 140 20 440 160 80 120 420 Destroy 0b10 Robot/NC 195 | . 10 . . . . . 5 . . 15 5 30 10 45 10 65 Destroy Leader 386 | . 52 10 30 40 . . 10 30 . 50 10 40 . . 32 82 Allied During Kill 70 | . . . . 7 . . . . . . . 63 . . . . Successful Hack 49 | . 3 . 5 . . . . 4 . . 4 7 7 . 17 2 Disable Machine 270 | . 15 . . . . . . . . 15 15 45 30 60 45 45 Destroy Structure 349 | . . . . . . . . . . 23 42 74 20 34 20 136 Partial Spotted 75 | . . . 30 . . . . 30 . . . . . . 15 . Lose Combat Pursuer 225 | . 15 30 . . . . 45 30 . . . 90 . . . 15 Influence Decreases 3489 | . 203 212 130 265 37 . 25 193 36 88 233 504 526 223 147 667 Entered New Map 457 | . . 57 . 22 37 . . 33 23 . 80 10 134 3 . 58 Time Decay 2382 | . 193 105 120 173 . . 25 160 13 78 143 334 342 200 147 349 Lost Part 470 | . 10 50 10 30 . . . . . 10 10 20 50 20 . 260 Lost Ally 180 | . . . . 40 . . . . . . . 140 . . . . Squads Dispatched 23 | . 2 . . . . . . 2 . 8 1 1 . . 2 7 Investigation 2 | . . . . . . . . . . 2 . . . . . . Extermination 6 | . . . . . . . . . . 3 . . . . 1 2 Reinforcement 14 | . 2 . . . . . . 2 . 2 1 1 . . 1 5 Assault . | . . . . . . . . . . . . . . . . . Garrison 1 | . . . . . . . . . . 1 . . . . . . Intercept . | . . . . . . . . . . . . . . . . . Searches Triggered . | . . . . . . . . . . . . . . . . . Construction Impeded 5 | . . . . . . . . . . 1 . 1 . . . 3 Haulers Reinforced . | . . . . . . . . . . . . . . . . . Active Scanning Responses . | . . . . . . . . . . . . . . . . . Cargo Convoy Interrupts 1 | . . . . . . . . . . . . . . . . 1 Stealth | -11 -10 -10 -9 -9 -9 -8 -8 -8 -8 -6 -5 -5 -5 -5 -5 -4 --------- Run | Yrd Mat Min Mat Min Exi Min Mat Sto Rec Fac Fac Ext Cet Arc Hub Fac Distress Signals 12 | . 1 . . . . . 1 3 . . 1 2 2 . 1 1 Communications Jammed . | . . . . . . . . . . . . . . . . . Distress Signals . | . . . . . . . . . . . . . . . . . Times Spotted 235 | . 18 10 11 8 . . 2 25 3 11 7 29 11 38 12 50 Peak Tracking Total 21 | . 5 3 3 4 . . 6 10 3 3 4 4 5 1 4 21 Tactical Retreats 10 | . 1 1 . . . . 1 1 . . . 5 . . . 1 Traps | -11 -10 -10 -9 -9 -9 -8 -8 -8 -8 -6 -5 -5 -5 -5 -5 -4 ------- Run | Yrd Mat Min Mat Min Exi Min Mat Sto Rec Fac Fac Ext Cet Arc Hub Fac Traps Triggered 10 | . . . . . . . . . . 2 1 4 . . 1 2 Indirectly . | . . . . . . . . . . . . . . . . . Trap Hack Attempts . | . . . . . . . . . . . . . . . . . Triggered . | . . . . . . . . . . . . . . . . . Disarmed . | . . . . . . . . . . . . . . . . . Reprogrammed . | . . . . . . . . . . . . . . . . . Reused . | . . . . . . . . . . . . . . . . . Traps Extracted . | . . . . . . . . . . . . . . . . . Installed . | . . . . . . . . . . . . . . . . . Triggered . | . . . . . . . . . . . . . . . . . Machines | -11 -10 -10 -9 -9 -9 -8 -8 -8 -8 -6 -5 -5 -5 -5 -5 -4 ---------- Run | Yrd Mat Min Mat Min Exi Min Mat Sto Rec Fac Fac Ext Cet Arc Hub Fac Machines Disabled 18 | . 1 . . . . . . . . 1 1 3 2 4 3 3 Max in Single Turn 3 | . 1 . . . . . . . . 1 1 2 1 1 1 3 Garrison Access 1 | . . . . . . . . 1 . . . . . . . . Energy Cycler 1 | . . . . . . . . . . . . 1 . . . . Machines Repaired . | . . . . . . . . . . . . . . . . . Machines Dismantled . | . . . . . . . . . . . . . . . . . Machines Sabotaged . | . . . . . . . . . . . . . . . . . Overloaded Fab Kills . | . . . . . . . . . . . . . . . . . Hacking | -11 -10 -10 -9 -9 -9 -8 -8 -8 -8 -6 -5 -5 -5 -5 -5 -4 --------- Run | Yrd Mat Min Mat Min Exi Min Mat Sto Rec Fac Fac Ext Cet Arc Hub Fac Machines Accessed 28 | . 1 1 3 . 2 . . 5 2 1 1 5 1 1 3 2 Terminals 17 | . . 1 1 . . . . 3 1 1 1 5 1 . 3 . Fabricators . | . . . . . . . . . . . . . . . . . Repair Stations 4 | . 1 . 1 . . . . 1 . . . . . . . 1 Recycling Units . | . . . . . . . . . . . . . . . . . Scanalyzers 2 | . . . 1 . . . . . . . . . . . . 1 Garrison Access 1 | . . . . . . . . 1 . . . . . . . . Total Hacks 60 | . 4 3 10 . 5 . . 8 4 1 1 5 5 1 4 9 Successful 44 | . 2 1 7 . 5 . . 5 3 1 1 4 3 1 3 8 Failed 15 | . 2 2 3 . . . . 3 1 . . 1 2 . 1 . Catastrophic 3 | . . 1 . . . . . . . . . 1 1 . . . Database Lockouts 1 | . . . . . . . . . . . . . . . . 1 Manual 13 | . . 1 1 . 1 . . 3 2 1 . 1 . . 3 . Terminals 26 | . . 3 1 . . . . 4 2 1 1 5 5 . 4 . Fabricators . | . . . . . . . . . . . . . . . . . Repair Stations 13 | . 4 . 5 . . . . 2 . . . . . . . 2 Recycling Units . | . . . . . . . . . . . . . . . . . Scanalyzers 11 | . . . 4 . . . . . . . . . . . . 7 Garrison Access 2 | . . . . . . . . 2 . . . . . . . . Terminal Hacks 19 | . . 1 . . 5 . . 1 2 1 1 3 3 1 1 . Record 9 | . . . . . 4 . . . . . . . 3 1 1 . Open Door 5 | . . . . . . . . 1 . . 1 3 . . . . Dispatch Records 1 | . . 1 . . . . . . . . . . . . . . Recall Investigation 1 | . . . . . . . . . . 1 . . . . . . Proto ID Catalog 1 | . . . . . 1 . . . . . . . . . . . Release Object 2 | . . . . . . . . . 2 . . . . . . . Fabricator Hacks . | . . . . . . . . . . . . . . . . . Repair Station Hacks 8 | . 2 . 3 . . . . 1 . . . . . . . 2 Scan Component 5 | . 1 . 2 . . . . 1 . . . . . . . 1 Repair 3 | . 1 . 1 . . . . . . . . . . . . 1 Recycling Unit Hacks . | . . . . . . . . . . . . . . . . . Scanalyzer 9 | . . . 3 . . . . . . . . . . . . 6 Insert Component 2 | . . . . . . . . . . . . . . . . 2 Analyze 3 | . . . . . . . . . . . . . . . . 3 Retrieve Study 4 | . . . 3 . . . . . . . . . . . . 1 Garrison Access Hacks 1 | . . . . . . . . 1 . . . . . . . . Seal Access 1 | . . . . . . . . 1 . . . . . . . . Unauthorized Hacks 7 | . . . 1 . . . . 2 1 . . 1 . . 2 . Terminals 7 | . . . 1 . . . . 2 1 . . 1 . . 2 . Botnet 7 | . . . 1 . . . . 2 1 . . 1 . . 2 . Fabricators . | . . . . . . . . . . . . . . . . . Repair Stations . | . . . . . . . . . . . . . . . . . Recycling Units . | . . . . . . . . . . . . . . . . . Scanalyzers . | . . . . . . . . . . . . . . . . . Garrison Access . | . . . . . . . . . . . . . . . . . Data Cores Recovered . | . . . . . . . . . . . . . . . . . Used . | . . . . . . . . . . . . . . . . . Hacking Detections 13 | . 1 1 1 . . . . 2 1 1 . 3 1 . 1 1 Full Trace Events 1 | . 1 . . . . . . . . . . . . . . . Feedback Events . | . . . . . . . . . . . . . . . . . Feedback Blocked . | . . . . . . . . . . . . . . . . . Robot Schematics Acquired . | . . . . . . . . . . . . . . . . . Robots Built . | . . . . . . . . . . . . . . . . . Authchips . | . . . . . . . . . . . . . . . . . Time . | . . . . . . . . . . . . . . . . . Total Robot Build Rating . | . . . . . . . . . . . . . . . . . Part Schematics Acquired 2 | . . . . . . . . . . . . . . . . 2 Parts Built . | . . . . . . . . . . . . . . . . . Authchips . | . . . . . . . . . . . . . . . . . Time . | . . . . . . . . . . . . . . . . . Total Part Build Rating . | . . . . . . . . . . . . . . . . . Part Studies Acquired 3 | . . . 2 . . . . . . . . . . . . 1 Parts Repaired 2 | . 1 . 1 . . . . . . . . . . . . . Time 178 | . 26 . 44 . . . . . . . . . . . . 108 Parts Recycled . | . . . . . . . . . . . . . . . . . Recycled Matter . | . . . . . . . . . . . . . . . . . Retrieved Matter . | . . . . . . . . . . . . . . . . . Retrieved Components . | . . . . . . . . . . . . . . . . . Parts Scanalyzed 2 | . . . . . . . . . . . . . . . . 2 Part Schematics Acquired 2 | . . . . . . . . . . . . . . . . 2 Parts Damaged . | . . . . . . . . . . . . . . . . . Bothacking | -11 -10 -10 -9 -9 -9 -8 -8 -8 -8 -6 -5 -5 -5 -5 -5 -4 ------------ Run | Yrd Mat Min Mat Min Exi Min Mat Sto Rec Fac Fac Ext Cet Arc Hub Fac Used RIF Installer . | . . . . . . . . . . . . . . . . . Robots Hacked . | . . . . . . . . . . . . . . . . . Non-combat . | . . . . . . . . . . . . . . . . . Combat . | . . . . . . . . . . . . . . . . . Robot Hacks Applied . | . . . . . . . . . . . . . . . . . Relay Couplers Released 3 | . . . . . . . . . . . 3 . . . . . Programmers 3 | . . . . . . . . . . . 3 . . . . . Fabnet Peak Effective % . | . . . . . . . . . . . . . . . . . Robots Rewired 7 | . . . . . . . . . . . . 7 . . . . Allies Hacked . | . . . . . . . . . . . . . . . . . Hacks Repelled . | . . . . . . . . . . . . . . . . . Allies | -11 -10 -10 -9 -9 -9 -8 -8 -8 -8 -6 -5 -5 -5 -5 -5 -4 -------- Run | Yrd Mat Min Mat Min Exi Min Mat Sto Rec Fac Fac Ext Cet Arc Hub Fac Total Allies 19 | . . . . 5 . . . . . . . 14 . . . . Largest Group 6 | . . . . 5 2 . . . . . . 6 . . . . Highest-Rated Group 168 | . . . . 85 47 . . . . . . 168 . . . . Highest-Rated Ally 39 | . . . . 31 31 . . . . . . 39 . . . . Total Orders . | . . . . . . . . . . . . . . . . . Ally Attacks 67 | . . . . 16 . . . . . . . 51 . . . . Total Damage 1076 | . . . . 234 . . . . . . . 842 . . . . Kills 13 | . . . . 3 . . . . . . . 10 . . . . Allies Corrupted . | . . . . . . . . . . . . . . . . . Allies Melted 1 | . . . . . . . . . 1 . . . . . . . Intel | -11 -10 -10 -9 -9 -9 -8 -8 -8 -8 -6 -5 -5 -5 -5 -5 -4 ------- Run | Yrd Mat Min Mat Min Exi Min Mat Sto Rec Fac Fac Ext Cet Arc Hub Fac Active Infowar (turns) . | . . . . . . . . . . . . . . . . . Robot Analysis Total . | . . . . . . . . . . . . . . . . . Derelict Logs Recovered 2 | . . 1 . 1 . . . . . . . . . . . . Drone Launches . | . . . . . . . . . . . . . . . . . Drone Recoveries . | . . . . . . . . . . . . . . . . . Exploration | -11 -10 -10 -9 -9 -9 -8 -8 -8 -8 -6 -5 -5 -5 -5 -5 -4 ------------- Run | Yrd Mat Min Mat Min Exi Min Mat Sto Rec Fac Fac Ext Cet Arc Hub Fac Turns Passed 8700 | 41 604 386 311 372 120 148 264 338 495 1163 506 1100 763 765 383 941 Spaces Moved 8579 | 32 325 416 394 611 343 424 182 569 1264 1091 253 819 455 404 376 621 Core 44 | 7 . . . . . . . . . . . . . . . 37 Treads 736 | . . . . . . . . . . 365 58 67 . 246 . . Legs 1616 | 25 325 206 . . . . . . . . 60 274 455 21 . 250 Wheels . | . . . . . . . . . . . . . . . . . Hover 1325 | . . . . . . . . . . . . 478 . 137 376 334 Flight 4858 | . . 210 394 611 343 424 182 569 1264 726 135 . . . . . Fastest Speed 31 | 50 120 37 37 34 34 34 31 31 31 34 82 65 85 61 61 43 Average Speed 66 | 106 120 78 37 34 34 34 31 31 31 93 160 80 121 87 61 74 Slowest Speed 295 | 120 120 120 37 37 34 34 31 31 34 220 295 127 134 120 61 150 Overloaded Moves . | . . . . . . . . . . . . . . . . . Propulsion Burnouts . | . . . . . . . . . . . . . . . . . Robots Hopped 22 | . . 1 1 1 . . . 1 12 6 . . . . . . Potential Cave-ins 5 | . . . . . . . . . . . . 5 . . . . Cave-ins Triggered . | . . . . . . . . . . . . . . . . . Exploration Rate (%) 54 | 3 44 72 33 89 67 82 15 83 91 31 5 79 78 98 34 15 Regions Visited 16 Branch Regions 10 Pre-discovered Areas 1 | . . . . . 1 . . . . . . . . . . . Known Exits Taken 9 | . 1 1 1 1 1 1 1 1 1 . . . . . . . Unknown Exits Taken 7 | 1 . . . . . . . . . 1 1 1 1 1 1 . Scrap Searched 2 | . . . . 1 . 1 . . . . . . . . . . Spaces Dug 3 | . . . . . . . . . . . . . 3 . . . Terrain Destroyed 218 | . . . . . . . . . . 35 34 45 15 18 8 63 Melee . | . . . . . . . . . . . . . . . . . Projectile 82 | . . . . . . . . . . . . 5 15 18 8 36 AOE 136 | . . . . . . . . . . 35 34 40 . . . 27 Terrain Rammed . | . . . . . . . . . . . . . . . . . Walls Destroyed . | . . . . . . . . . . . . . . . . . Machines Disabled . | . . . . . . . . . . . . . . . . . Actions | -11 -10 -10 -9 -9 -9 -8 -8 -8 -8 -6 -5 -5 -5 -5 -5 -4 --------- Run | Yrd Mat Min Mat Min Exi Min Mat Sto Rec Fac Fac Ext Cet Arc Hub Fac Total 10686 | 36 458 450 511 726 345 427 377 698 1332 1204 337 1161 555 693 493 883 Wait 1375 | . 76 10 83 63 . . 186 81 62 66 69 198 39 212 99 131 Move 8519 | 31 324 413 391 608 342 423 181 566 1239 1078 252 818 454 403 375 621 Hop 22 | . . 1 1 1 . . . 1 12 6 . . . . . . Pick Up 33 | . 5 4 2 3 1 1 1 4 1 4 . 1 . 1 2 3 Fast Attach 72 | 5 4 2 3 4 . 1 1 7 1 6 3 6 7 4 2 16 Attach 26 | . . 4 2 2 . . 1 2 1 3 3 1 . 2 . 5 Detach 8 | . . 1 . . . . . 1 . 2 . 1 . 2 . 1 Swap 21 | . 2 . . 6 1 . . 2 2 2 . . 4 1 . 1 Drop 71 | . 3 2 . 9 1 2 . 13 3 14 2 3 4 5 . 10 Fire 455 | . 44 13 29 30 . . 7 21 8 23 8 52 47 63 15 95 Melee . | . . . . . . . . . . . . . . . . . Ram . | . . . . . . . . . . . . . . . . . Kick . | . . . . . . . . . . . . . . . . . Crush . | . . . . . . . . . . . . . . . . . Escape Stasis 6 | . . . . . . . . . . . . 6 . . . . Rewire 78 | . . . . . . . . . 3 . . 75 . . . . Trap . | . . . . . . . . . . . . . . . . . Miscellaneous . | . . . . . . . . . . . . . . . . . Route ------- -11/Scrapyard -10/Materials (discovered 2 exits: *Mat / *Min) -10/Mines -9/Materials (discovered 2 exits: *Mat / *Min) -9/Mines (discovered 2 exits: *Mat / *Exi) -9/Exiles -8/Mines (discovered 2 exits: *Mat x2) -8/Materials -8/Storage (discovered 2 exits: *Fac / *Rec) -8/Recycling -6/Factory -5/Factory -5/Extension (discovered 3 exits: *Fac x2 / *Cet) -5/Cetus (discovered 3 exits: *Fac x2 / *Arc) -5/Archives (discovered 3 exits: *Fac / *Hub x2) -5/Hub_04(d) -4/Factory History --------- Turn | Location | Event 11 | -11/Scrapyard | Discovered new exit (range 15) 42 | -11/Scrapyard | Entered Materials 314 | -10/Materials | Build established: Mutant 423 | -10/Materials | Discovered new exit (range 9) 465 | -10/Materials | Repaired Lgt. Armor Plating 587 | -10/Materials | Discovered new exit (range 4) 592 | -10/Materials | Identified exit to Materials 645 | -10/Materials | Identified exit to Mines 646 | -10/Materials | Entered Mines 647 | -10/Mines | YI-UF0 nonchalantly dropped a Grenade Launcher on the ground 666 | -10/Mines | Core integrity fell below 50% 668 | -10/Mines | Destroyed YI-UF0 696 | -10/Mines | Lost 3 parts (1p1n1u) 712 | -10/Mines | Discovered exit to Materials (range 6) 820 | -10/Mines | Core integrity fell below 20% 942 | -10/Mines | A weapon hastily lodged in a ceiling crevice suddenly fell to the ground 971 | -10/Mines | Joined a pair of Derelicts in attacking an 0b10 outpost 1032 | -10/Mines | Entered Materials 1032 | -9/Materials | Evolved 2 slots: Propulsion x1, Utility x1 1137 | -9/Materials | Build established: Scavenger-Mutant 1200 | -9/Materials | Discovered new exit (range 4) 1201 | -9/Materials | Identified exit to Materials 1321 | -9/Materials | Repaired Broken Weight Redist. System 1337 | -9/Materials | Discovered new exit (range 7) 1339 | -9/Materials | Identified exit to Mines 1343 | -9/Materials | Entered Mines 1441 | -9/Mines | Lost 3 parts (1n1u1w) 1536 | -9/Mines | Learned Materials trap positions 1576 | -9/Mines | Assisted by bots powering up and referring to "LRC-V3" 1583 | -9/Mines | Assembled infested the area 1588 | -9/Mines | Assisted by a Guerilla fighting off Assembled 1618 | -9/Mines | Discovered exit to Materials (range 15) 1627 | -9/Mines | Deemed a non-threat by the Exiles lab entrance 1627 | -9/Mines | Discovered new exit (range 5) 1628 | -9/Mines | Identified exit to Exiles 1715 | -9/Mines | Entered Exiles 1715 | -9/Exiles | Accompanied by 2 allies 1724 | -9/Exiles | Met 8R-AWN 1730 | -9/Exiles | Met EX-HEX 1740 | -9/Exiles | Met EX-BIN 1744 | -9/Exiles | Aligned with FarCom system 1745 | -9/Exiles | Led the pair of lost Derelicts to a safe place 1745 | -9/Exiles | Given EX-Vault access code 1753 | -9/Exiles | Opened EX-Vault 1757 | -9/Exiles | Found Latent Energy Streamer 1764 | -9/Exiles | Warned to stay clear of 0b10 Research branches 1774 | -9/Exiles | Met EX-DEC 1776 | -9/Exiles | Learned location of Zion (-6) 1831 | -9/Exiles | Discovered new exit (range 14) 1834 | -9/Exiles | Identified exit to Mines 1835 | -9/Exiles | Left Exiles lab with Latent Energy Streamer 1835 | -9/Exiles | Entered Mines 1840 | -8/Mines | Found DCF Scrap (13 items) 1916 | -8/Mines | Discovered exit to Materials (range 9) 1963 | -8/Mines | Discovered exit to Materials (range 10) 1983 | -8/Mines | Entered Materials 1983 | -8/Materials | Evolved 2 slots: Propulsion x1, Utility x1 1984 | -8/Materials | Identified exit to Storage 1985 | -8/Materials | Loaded intel: 27 trap records 2247 | -8/Materials | Entered Storage 2276 | -8/Storage | Met 01-MTF 2293 | -8/Storage | Build established: Scavenger-Sprinter 2472 | -8/Storage | Discovered new exit (range 13) 2473 | -8/Storage | Assembled infested ambush trap array 2475 | -8/Storage | Identified exit to Factory 2579 | -8/Storage | Discovered new exit (range 5) 2579 | -8/Storage | Identified exit to Recycling 2585 | -8/Storage | Entered Recycling 2585 | -8/Recycling | Accompanied by 1 ally (01-MTF) 2649 | -8/Recycling | Scanned before Scraplab entrance 2669 | -8/Recycling | Entered Scraplab 2676 | -8/Recycling | Discovered new exit (range 3) 2866 | -8/Recycling | Discovered new exit (range 16) 2924 | -8/Recycling | Angered Scraplab inhabitants 2943 | -8/Recycling | Found Prototype Device 2943 | -8/Recycling | Identified Scrap Engine 3079 | -8/Recycling | Identified exit to Factory 3080 | -8/Recycling | Entered Factory 3080 | -6/Factory | Evolved 4 slots: Power x1, Propulsion x1, Utility x1, Weapon x1 3241 | -6/Factory | Build established: Mutant 4183 | -6/Factory | Garrison activated, responded to threat 4183 | -6/Factory | Discovered new exit (range 15) 4207 | -6/Factory | System corruption reached 10% 4228 | -6/Factory | Lost 3 parts (1u2w) 4243 | -6/Factory | Entered another Factory area 4243 | -5/Factory | Evolved 2 slots: Power x1, Utility x1 4740 | -5/Factory | Discovered new exit (range 9) 4749 | -5/Factory | Entered Extension 4912 | -5/Extension | Build established: Construct 4957 | -5/Extension | Rescued a captive Derelict 4993 | -5/Extension | System corruption reached 10% 4993 | -5/Extension | Rescued a captive Derelict 4994 | -5/Extension | Rescued a captive Derelict 5074 | -5/Extension | Rescued a captive Derelict 5075 | -5/Extension | Rescued a captive Derelict 5087 | -5/Extension | Rescued a captive Derelict 5088 | -5/Extension | Rescued a captive Derelict 5128 | -5/Extension | Energy Cycler disabled 5128 | -5/Extension | Rescued a captive Derelict 5128 | -5/Extension | Rescued a captive Derelict 5129 | -5/Extension | Rescued a captive Derelict 5130 | -5/Extension | Rescued a captive Derelict 5130 | -5/Extension | Spotted B-75 Beast 5132 | -5/Extension | Rescued a captive Derelict 5149 | -5/Extension | Spotted B-75 Beast 5154 | -5/Extension | Murdered 3 allies 5184 | -5/Extension | Lost 3 allies 5504 | -5/Extension | Discovered new exit (range 15) 5529 | -5/Extension | Extracted ID and sensor layout for unrecognized location from A7's data core 5843 | -5/Extension | Discovered new exit (range 10) 5843 | -5/Extension | Discovered new exit (range 6) 5849 | -5/Extension | Entered Cetus 5862 | -5/Cetus | Spotted Cetus Guard 5862 | -5/Cetus | Spotted Cetus Guard 5865 | -5/Cetus | Spotted Cetus Guard 5865 | -5/Cetus | Spotted Cetus Guard 5894 | -5/Cetus | Destroyed Cetus Guard 5907 | -5/Cetus | Destroyed Cetus Guard 5917 | -5/Cetus | Destroyed Cetus Guard 5924 | -5/Cetus | Destroyed Cetus Guard 5948 | -5/Cetus | Lost 4 parts (2p1n1u) 5988 | -5/Cetus | Discovered new exit (range 15) 6179 | -5/Cetus | Discovered new exit (range 16) 6200 | -5/Cetus | Spotted Cetus Guard 6201 | -5/Cetus | Spotted Cetus Guard 6234 | -5/Cetus | Build established: Scavenger-Skirmisher 6248 | -5/Cetus | Spotted Cetus Guard 6263 | -5/Cetus | Spotted Cetus Guard 6272 | -5/Cetus | Destroyed Cetus Guard 6276 | -5/Cetus | Destroyed Cetus Guard 6297 | -5/Cetus | Destroyed Cetus Guard 6300 | -5/Cetus | Destroyed Cetus Guard 6544 | -5/Cetus | Discovered new exit (range 15) 6554 | -5/Cetus | Met Revision 17 6599 | -5/Cetus | Security sweep announced 6612 | -5/Cetus | Entered Archives 6617 | -5/Archives | Build established: Scavenger-Tank 6706 | -5/Archives | Discovered new exit (range 16) 6726 | -5/Archives | Discovered new exit (range 16) 6743 | -5/Archives | Discovered new exit (range 16) 6756 | -5/Archives | Unable to access archive contents 6769 | -5/Archives | Unable to access archive contents 6781 | -5/Archives | Unable to access archive contents 6793 | -5/Archives | Unable to access archive contents 7353 | -5/Archives | Build established: Scavenger-Skirmisher 7377 | -5/Archives | Entered Hub_04(d) 7671 | -5/Hub_04(d) | Build established: Scavenger-Tank 7757 | -5/Hub_04(d) | Discovered new exit (range 4) 7760 | -5/Hub_04(d) | Entered Factory 7760 | -4/Factory | Evolved 2 slots: Utility x2 7808 | -4/Factory | Central database locked down 7955 | -4/Factory | Allied Derelicts emerged from ambush trap array 8036 | -4/Factory | Lost 3 allies 8488 | -4/Factory | Build established: Scavenger-Skirmisher 8646 | -4/Factory | System corruption reached 10% 8681 | -4/Factory | Core integrity fell below 50% 8698 | -4/Factory | Cargo convoy interrupted 8698 | -4/Factory | Core integrity fell below 20% 8701 | -4/Factory | Destroyed by X-77 Beamer with Gatling Laser Last Messages --------------- ALERT: Cargo convoy interrupted, initiating access lockdown. C-45 Heavy ARC bursts open, deploying its payload. H-77 Assassin unfolds itself. P-70 Sage unfolds itself. X-72 Disruptor unfolds itself. I-47 Archangel unfolds itself. K-01 Serf cleans the DSF Access. [Achievement: Hunted] P-70 Sage resets X-77 Beamer, system corruption cleaned. K-01 Serf collects debris. Penetrated by Slug. Slug penetrates Wall. Slug penetrates P-70 Sage. Slug penetrates Wall. Penetrated by Slug. Slug penetrates Wall. [Achievement: Achiever] Map ----- +----------------------------------------------------+ | ?????????????????????????????????????????????????? | | ?????????????????????????????????????????????????? | | ?????????????????????????????????????????????????? | | ?????????????????????????????????????????????????? | | ?????????????????????????????????????????????????? | | ?????????????????????????????????????????????????? | | ?????????????????????????????????????????????????? | | ?????????????????????????????????????????????????? | | ?????????????????????????????????????????????????? | | ?????????????????????????????????????????????????? | | ?????????????????????????????????????????????????? | | ?????????????????????????????????????????????????? | | ?????????????????????????????????????????????????? | | ?????????????????????????????????????????????????? | | ?????????????????????????????????? "????????????? | | ????????????????????????????????? "????????????? | | ???????????????????????????????? ???????????? | | ???????????????????????????????? ???????????? | | ????????????????????###???????? #????????????? | | ????????????#########T ######## #????????????? | | ???????????? kA #????????????? | | ??????????? #????????????? | | ??????????? g k #????????????? | | ????????????A g i p #????????????? | | ????????????????? m xhxi #????????????? | | ??????????????????????#; @ p%#???????????????????? | | ????????????????? # h#???????????????????? | | ???????????? ????# xAx#???????????????????? | | ???????????#!! ?"" " " # #???????????????????? | | ?????????????????" "Y" ; #???????????????????? | | ?????????????????" """ # #???????????????????? | | ????????????????? + #???????????????????? | | ????????????????##########k#;#####???????????????? | | ????????????????????# #???????????????? | | ????????????????????# """" """" #???????????????? | | ????????????????????# """" """" #???????????????? | | ????????????????????# """" """" #???????????????? | | ????????????????????# """" """" #???????????????? | | ????????????????????# #???????????????? | | ????????????????????# """" """" #???????????????? | | ????????????????????# """" """" #???????????????? | | ????????????????????# """" """" +???????????????? | | ????????????????????# """" """" #???????????????? | | ????????????????????# ######??????????? | | ????????????????????# # ###????????? | | ????????????????????########" #????????? | | ??????????????????????????# #????????? | | ??????????????????????????#! [ #????????? | | ??????????????????????????# ##???????? | | ???????????????? ????????# #???????? | +----------------------------------------------------+ Best States ------------- Heat Dissipation 119 Energy Generation 54 Energy Capacity 1362 Matter Stores 300 Matter Capacity 300 Sight Range 16 Terrain Scan Density 10 Additional Mass Support 6 Base Temperature (-) 200 Armor Coverage 450 Resistance: KI 25 Evasion (%) 67 Targeting Accuracy 8 Recoil Reduction 4 Kinecelleration 30 Item Schematics ----------------- Variable Charge Gun | -4/Factory | Scanalyzed Imp. System Restoration Module | -4/Factory | Scanalyzed Robot Schematics ------------------ None Fabricated ------------ Nothing Repaired ---------- Lgt. Armor Plating | 10% | -10/Materials Weight Redist. System | 18% | -9/Materials | Broken Studied --------- Flight Unit | -9/Materials | Hacked Med. Laser | -9/Materials | Hacked Variable Charge Gun | -4/Factory | Hacked Alien Tech Used ----------------- None Achievements -------------- Achiever Blue Mage Collateral Damage Construction Begets Destruction Ew, Corruption Explorer Frienemies GoHome() Hunted Just Shoot The Terminal Left-hand Path Not So Scrappy Revising The Future Scrappetite Challenges ------------ None Game ------ Seed DeuteriumGreatChaincannon Manual? 0 Play Time 01:59:17 Cumulative 37.0 hours Start 2026.06.26 @ 16:56:48 End 2026.06.26 @ 19:01:06 Sessions 1 Manual Loads 0 Difficulty Rogue Special Mode None Game No. 38 Rogue 38 Adventurer 0 Explorer 0 Win Type - Total 0 Types 0/0/0/0/0/0/0/0/0/0 Lore% 47 Gallery% 30 Achievement% 27 Wizard Run 0 Options --------- Layout 1 ASCII 0 Keyboard 0 Movement Mouse Keybinds 0 Fullscreen 1 Font 24/X11 Map View 50x35 Zoom Use 0% Tactical HUD 0 Map Filters NONE Filters NONE Steam 1 RUN: 2c651487-698c-467b-a8a5-9a246d8c1969